AoeStats
← Didi

MegaRandom

509736904Analyzed
4v4 RM · 6d ago on Sep 27, 2026· 15m 15s· 8 players
Game mode
Random Map
Map size
Large (8 player)
Population
200
Speed
Normal
Resources
Standard
Victory
Conquest
Starting age
Dark Age
Ending age
Imperial Age
RankedLock teamsTeams togetherTeam positionsShared explorationLock speedFull tech treeHidden civsTurbo modeCheats
Victory
Defeat
🇦🇷 Ethiopians · Argentina
1546
+24
🇺🇸 Mongols · United States
1517
+25
🇪🇸 Franks · Spain
1517
+25
🇺🇸 Vikings · United States
1510
+25
🇨🇳 Khmer · China
1807
-26
🇨🇳 Danes · China
1775
-25
🇺🇸 Varangians · United States
1728
-25
🇮🇳 Mapuche · India
1668
-23
kerwin
1:59 Loom
9:36 Feudal Age
10:20 Double-Bit Axe
154985415164
6:21 Loom
8:42 Feudal Age
9:31 Double-Bit Axe
11:30 Fletching
团团团子
7:38 Loom
9:28 Feudal Age
9:32 Loom
10:30 Double-Bit Axe
11:15 Horse Collar
bcda
6:09 Loom
8:36 Feudal Age
9:32 Double-Bit Axe
9:28 Horse Collar
13:13 Bloodlines
AttilathePun463
6:11 Loom
8:52 Feudal Age
9:51 Double-Bit Axe
10:04 Horse Collar
15:05 Bloodlines
BungaloBones
7:19 Loom
9:37 Feudal Age
10:27 Double-Bit Axe
13:18 Fletching
Glaki
6:34 Loom
8:58 Feudal Age
9:32 Double-Bit Axe
Didi
2:42 Loom
9:31 Feudal Age
13:09 Fletching
Connection lost

Rejoining the realm…

Still unreachable

The connection could not be restored.

Session expired

The server has moved on; the page needs a fresh start.